 Dungeon Crawl Stone Soup version 0.24.0-2-g5b39cebb1c (webtiles) character file.

Game seed: 11412148234096476793, levelgen mode: deterministic

72 Nivan the Conjurer (level 4, -3/33 HPs)
             Began as a Draconian Conjurer on Oct 29, 2019.
             Slain by Sigmund
             ... wielding a cursed -3 scythe
              (9 damage)
             ... on level 3 of the Dungeon.
             The game lasted 00:06:41 (1798 turns).

Nivan the Conjurer (Draconian Conjurer)             Turns: 1798, Time: 00:06:41

Health: -3/33      AC:  5    Str: 11    XL:     4   Next: 6%
Magic:  1/7        EV: 12    Int: 16    God:
Gold:   68         SH:  0    Dex: 11    Spells: 5/8 levels left

rFire    . . .     SeeInvis .   (no weapon)
rCold    . . .     Gourm    .   (no shield)
rNeg     . . .     Faith    .   (armour unavailable)
rPois    .         Spirit   .   (helmet restricted)
rElec    .         Reflect  .   (no cloak)
rCorr    .         Harm     .   (no gloves)
MR       .....                  (no boots)
Stlth    ++........             (no amulet)
HPRegen  0.11/turn              (no ring)
MPRegen  0.10/turn              (no ring)

@: no status effects
A: unfitting armour, cold-blooded, AC +5
a: no special abilities


You were on level 3 of the Dungeon.
You were not hungry.

You visited 1 branch of the dungeon, and saw 3 of its levels.

You collected 68 gold pieces.

Inventory:

Scrolls
 c - a scroll of enchant weapon {unknown}
 g - a scroll of identify {unknown}
 h - 2 scrolls of teleportation {unknown}
 i - a scroll of magic mapping {unknown}
 k - a scroll of amnesia {unknown}
Potions
 a - a potion of flight {unknown}
 d - a potion of curing {unknown}
 e - 2 potions of degeneration {unknown}
 f - a potion of haste {unknown}
Comestibles
 b - 4 rations
 j - 5 chunks of flesh


   Skills:
 + Level 2.0 Dodging
 + Level 1.8 Stealth
 + Level 2.5 Spellcasting
 + Level 5.2 Conjurations


You had 5 spell levels left.
You knew the following spells:

 Your Spells              Type           Power        Failure   Level  Hunger
a - Magic Dart            Conj           ###.         2%          1    #......
b - Searing Ray           Conj           ###...       3%          2    ##.....

Your spell library contained the following spells:

 Spells                   Type           Power        Failure   Level  Hunger
 Dazzling Spray           Conj/Hex       ##....       21%         3    ###....
 Iskenderun's Mystic Bla  Conj           ###.....     22%         4    #####..
 Force Lance              Conj/Tloc      ##......     56%         4    #####..
 Fulminant Prism          Conj/Hex       ##........   56%         4    #####..


Dungeon Overview and Level Annotations

Branches:
Dungeon (3/15)

Altars:
Hepliaklqana

Annotations:
D:3 Sigmund


Innate Abilities, Weirdness & Mutations

Your plain brown scales are hard. (AC +5)
You cannot fit into any form of body armour.
You are cold-blooded and may be slowed by cold attacks.


Message History

You hear some strange, mumbled words.
You are confused.
You bump into the rock wall.
You hear some strange, mumbled words.
You are more confused.
Something hits you but does no damage. Something hits you.
You bump into the rock wall.
You're too confused to move!
Something hits you.
You hear some strange, mumbled words.
Something tries to affect you, but you resist.
You're too confused to attack without stumbling around!
You bump into the rock wall.
Something barely misses you.
You bump into the rock wall.
You bump into the rock wall.
Something hits you!
* * * LOW HITPOINT WARNING * * *
You bump into the rock wall.
You feel less confused. Something hits you!
You die...

P♣ ♣≈≈PP##.#
PP♣♣≈≈≈≈##.# P♣≈♣≈≈P≈
#.# +# P♣≈≈≈P≈ #.# ...
♣≈≈P≈P ##.### ....
PPP..# #....## .....
≈..#.####.#...####......
................@{......
...######.....####......
÷### #.##.## ..... .#
#.#### .... .# #.# ...
.# #.. +# .# #.# .# #.#
.#


There were no monsters in sight!

Vanquished Creatures
  An adder (D:2)
  2 oozes
  2 worms (D:2)
  3 dart slugs
  A leopard gecko (D:2)
  4 giant cockroaches
  3 goblins
  5 hobgoblins
  3 jackals (D:3)
  3 kobolds
  6 bats
  4 frilled lizards
  4 rats
41 creatures vanquished.

Notes
Turn   | Place    | Note
-------+----------+-------------------------------------------
     0 | D:1      | Nivan the Draconian Conjurer began the quest for the Orb.
     0 | D:1      | Reached XP level 1. HP: 14/14 MP: 3/3
   224 | D:1      | Reached XP level 2. HP: 14/20 MP: 1/5
   968 | D:2      | Reached XP level 3. HP: 20/26 MP: 6/6
  1020 | D:2      | Reached skill level 5 in Conjurations
  1441 | D:2      | Noticed a sky beast
  1535 | D:3      | Found a hazy altar of Hepliaklqana.
  1667 | D:3      | Reached XP level 4. HP: 29/33 MP: 7/7
  1766 | D:3      | Learned a level 2 spell: Searing Ray
  1777 | D:3      | Noticed Sigmund
  1798 | D:3      | Slain by Sigmund

Levels and vault maps discovered:
D:1:      minmay_arrival_plants_in_alcoves, layout_loops_cross
D:2:      layout_basic, minmay_circle_x
D:3:      minmay_inner_zag, layout_loops_corners,
          nicolae_overflow_hidden_temple, serial_bayou, serial_bayou_lagoon_a,
          serial_bayou_pond_d, serial_bayou_shore_a, serial_bayou_pond_d,
          corexii_shack, uniq_sigmund, uniq_jessica

Skill      XL: |  1  2  3  4 |
---------------+-------------+-----
Conjurations   | 5 |  5.2
Dodging        | 2 |  2.0
Stealth        | |  1.8
Spellcasting   | |  2.5

Action                   |  1- 3 |  4- 6 || total
-------------------------+-------+-------++-------
Melee: Unarmed           |    81 |    17 ||    98
       Tailslap          |     8 |       ||     8
 Cast: Magic Dart        |    82 |     8 ||    90
       Searing Ray       |       |     2 ||     2
  Eat: Chunk             |     3 |     1 ||     4
Armor: Skin              |    15 |    10 ||    25
Dodge: Dodged            |    58 |    20 ||    78
